AoeStats
← rocko8921

Arabia

510458498Analyzed
1v1 RM · 1d ago on Oct 1, 2026· 58m 23s· 2 players
Game mode
Random Map
Map size
Tiny (2 player)
Population
200
Speed
Normal
Resources
Standard
Victory
Conquest
Starting age
Dark Age
Ending age
Imperial Age
RankedLock teamsTeams togetherTeam positionsShared explorationLock speedFull tech treeHidden civsTurbo modeCheats
Victory
Defeat
🇲🇽 Aztecs · Mexico
569
+16
🇨🇴 Varangians · Colombia
569
-16
rocko8921
0:42 Loom
11:43 Feudal Age
12:42 Double-Bit Axe
12:39 Horse Collar
14:22 Arson
17:21 Padded Archer Armor
17:12 Fletching
17:43 Scale Mail Armor
19:41 Forging
25:05 Castle Age
26:22 Bow Saw
26:15 Heavy Plow
25:39 Crossbowman
26:12 Gambesons
29:08 Pikeman
29:49 Squires
31:02 Chain Mail Armor
33:37 Wheelbarrow
33:50 Fervor
34:56 Gold Mining
34:57 Stone Mining
36:34 Gold Shaft Mining
36:58 Hand Cart
36:16 Eagle Warrior
37:57 Stone Shaft Mining
37:59 Treadmill Crane
38:15 Murder Holes
38:30 Fortified Wall
39:11 Leather Archer Armor
39:42 Iron Casting
40:08 Bodkin Arrow
41:13 Ballistics
45:56 Imperial Age
47:10 Conscription
47:11 Garland Wars
47:33 Crop Rotation
47:40 Plate Mail Armor
48:10 Blast Furnace
47:12 Arrowslits
49:20 Elite Jaguar Warrior
51:33 Arbalester
53:08 Elite Eagle Warrior
56:13 Chemistry
55:19 Siege Engineers
KenpachiZaraki
11:08 Feudal Age
11:22 Loom
12:53 Double-Bit Axe
13:03 Man-at-Arms
17:56 Forging
17:56 Scale Barding Armor
18:14 Horse Collar
22:03 Castle Age
21:18 Scale Mail Armor
22:18 Bloodlines
23:36 Gambesons
24:50 Long Swordsman
28:44 Heavy Plow
31:35 Iron Casting
31:21 Bow Saw
34:19 Chain Barding Armor
34:29 Husbandry
33:52 Light Cavalry
37:49 Wheelbarrow
38:39 Gold Mining
40:00 Vendel Legacy
42:11 Murder Holes
48:57 Imperial Age
48:15 Fletching
49:18 Cavalier
51:52 Two-Man Saw
53:14 Blast Furnace
Connection lost

Rejoining the realm…

Still unreachable

The connection could not be restored.

Session expired

The server has moved on; the page needs a fresh start.